3AA
BILLINGS POLAR BEARS @ MARQUETTE MINERS
08/07/2037
 
TOP OF THE 1ST
Billings Polar Bears batting - Pitching for Marquette Miners : LHP Jeff McDermott
Pitching: LHP Jeff McDermott
Batting: LHB Sandro Goro 0-0: Ball
1-0: Ground out 5-3 (Groundball, 56S, EV 82.5 MPH)
Batting: LHB Lawrence Perry 0-0: Ball
1-0: Foul Ball, location: 2F
1-1: Fly out, F7 (Flyball, 7LMF, EV 111.9 MPH)
Batting: LHB Hai-liang Yi 0-0: Called Strike
0-1: Foul Ball, location: 2F
0-2: Strikes out swinging
Top of the 1st over - 0 runs, 0 hits, 0 errors, 0 left on base; Billings 0 - Marquette 0
BOTTOM OF THE 1ST
Marquette Miners batting - Pitching for Billings Polar Bears : RHP Peer Aarsen
Pitching: RHP Peer Aarsen
Batting: RHB Sze Qi 0-0: Fly out, F2 (Popup, 3SF, EV 76.9 MPH)
Batting: RHB Jorge Japón 0-0: Ball
1-0: Foul Ball, location: 2F
1-1: Ball
2-1: Swinging Strike
2-2: Ball
3-2: Ground out 4-3 (Groundball, 34, EV 101.9 MPH)
Batting: RHB Jesús Morán 0-0: Called Strike
0-1: Ball
1-1: Swinging Strike
1-2: Ball
2-2: Ball
3-2: Foul Ball, location: 2F
3-2: Foul Ball, location: 2F
3-2: Base on Balls
Batting: LHB Tony Worley 0-0: Ball
1-0: Foul Ball, location: 2F
1-1: SINGLE (Line Drive, 89S, EV 103.8 MPH)
Jesús Morán to second
Batting: LHB Lowell Evans 0-0: Hit by Pitch
Jesús Morán to third
Tony Worley to second
Batting: RHB Miguel Montés 0-0: Foul Ball, location: 2F
0-1: Fly out, F9 (Flyball, 9D, EV 102.5 MPH)
Bottom of the 1st over - 0 runs, 1 hit, 0 errors, 3 left on base; Billings 0 - Marquette 0
TOP OF THE 2ND
Billings Polar Bears batting - Pitching for Marquette Miners : LHP Jeff McDermott
Batting: RHB Wilbur Thomas 0-0: Ball
1-0: Called Strike
1-1: Ball
2-1: Fly out, F8 (Line Drive, 8LD, EV 99.4 MPH)
Batting: LHB Yi-da Chow 0-0: Ball
1-0: Ball
2-0: Swinging Strike
2-1: Ball
3-1: Foul Ball, location: 2F
3-2: Foul Ball, location: 2F
3-2: DOUBLE (Line Drive, 7LD, EV 100.0 MPH)
Batting: RHB Stock Tonports 0-0: Swinging Strike
0-1: Ball
1-1: Ball
2-1: Ball
3-1: Foul Ball, location: 2F
3-2: Foul Ball, location: 2F
3-2: Strikes out swinging, 2-3 out at first.
Batting: SHB Amadeo Álvarez 0-0: Called Strike
0-1: Called Strike
0-2: Ground out 4-3 (Groundball, 4MS, EV 80.0 MPH)
Top of the 2nd over - 0 runs, 1 hit, 0 errors, 1 left on base; Billings 0 - Marquette 0
BOTTOM OF THE 2ND
Marquette Miners batting - Pitching for Billings Polar Bears : RHP Peer Aarsen
Batting: RHB Cleveland Mortimer 0-0: Foul Ball, location: 2F
0-1: Ball
1-1: Ball
2-1: Foul Ball, location: 2F
2-2: Foul Ball, location: 2F
2-2: Ball
3-2: Fly out, F8 (Flyball, 8RM, EV 92.5 MPH)
Batting: RHB Zhen-bang Kwan 0-0: Ball
1-0: Called Strike
1-1: Ball
2-1: DOUBLE (Flyball, 78XD, EV 98.8 MPH)
Batting: LHB Vic Britt 0-0: Fly out, F6 (Line Drive, 6, EV 71.9 MPH)
Batting: RHB Sze Qi 0-0: Called Strike
0-1: Ball
1-1: Called Strike
1-2: SINGLE (Groundball, 6D, EV 103.1 MPH)
Zhen-bang Kwan to third
Runner from 3rd tries for Home, SAFE, no throw by CF
Batting: RHB Jorge Japón 0-0: Called Strike
Sze Qi steals 2nd, throwing error, E2
Sze Qi to third
0-1: Called Strike
0-2: Ball
1-2: Ball
2-2: Ball
3-2: SINGLE (Line Drive, 8LS, EV 90.0 MPH)
Sze Qi scores
Batting: RHB Jesús Morán 0-0: Ball
1-0: Foul Ball, location: 2F
1-1: Ball
2-1: Ball
3-1: Foul Ball, location: 2F
3-2: SINGLE (Groundball, 5S, EV 68.1 MPH) (infield hit)
Jorge Japón to second
Batting: LHB Tony Worley 0-0: Called Strike
0-1: Ball
1-1: Ball
2-1: Called Strike
2-2: Ball
3-2: Strikes out swinging
Bottom of the 2nd over - 2 runs, 4 hits, 1 error, 2 left on base; Billings 0 - Marquette 2
TOP OF THE 3RD
Billings Polar Bears batting - Pitching for Marquette Miners : LHP Jeff McDermott
Batting: RHB Toni Vilen 0-0: Foul Ball, location: 2F
0-1: Ball
1-1: Fly out, F3 (Line Drive, 3, EV 68.8 MPH)
Batting: LHB Allen Wrench 0-0: Swinging Strike
0-1: Foul Ball, location: 2F
0-2: Ball
1-2: Ball
2-2: Strikes out swinging
Batting: LHB Sandro Goro 0-0: Ground out 1-3 (Groundball, 13, EV 86.2 MPH)
Top of the 3rd over - 0 runs, 0 hits, 0 errors, 0 left on base; Billings 0 - Marquette 2
BOTTOM OF THE 3RD
Marquette Miners batting - Pitching for Billings Polar Bears : RHP Peer Aarsen
Batting: LHB Lowell Evans 0-0: Fly out, F7 (Flyball, 7S, EV 86.2 MPH)
Batting: RHB Miguel Montés 0-0: Fly out, F8 (Flyball, 8RS, EV 88.1 MPH)
Batting: RHB Cleveland Mortimer 0-0: Foul Ball, location: 2F
0-1: Swinging Strike
0-2: Ball
1-2: Foul Ball, location: 2F
1-2: Ball
2-2: SINGLE (Line Drive, 4D, EV 107.5 MPH)
Batting: RHB Zhen-bang Kwan 0-0: Ball
1-0: Ball
2-0: Called Strike
2-1: SINGLE (Groundball, 6D, EV 96.9 MPH)
Cleveland Mortimer to second
Batting: LHB Vic Britt 0-0: Fly out, F4 (Popup, 34D, EV 47.5 MPH)
Bottom of the 3rd over - 0 runs, 2 hits, 0 errors, 2 left on base; Billings 0 - Marquette 2
TOP OF THE 4TH
Billings Polar Bears batting - Pitching for Marquette Miners : LHP Jeff McDermott
Batting: LHB Lawrence Perry 0-0: Ball
1-0: Swinging Strike
1-1: Ball
2-1: Called Strike
2-2: Foul Ball, location: 2F
2-2: Foul Ball, location: 2F
2-2: Strikes out looking
Batting: LHB Hai-liang Yi 0-0: Ground out 4-3 (Groundball, 4, EV 103.8 MPH)
Batting: RHB Wilbur Thomas 0-0: Ball
1-0: Swinging Strike
1-1: Swinging Strike
1-2: Ball
2-2: Foul Ball, location: 2F
2-2: Strikes out swinging
Top of the 4th over - 0 runs, 0 hits, 0 errors, 0 left on base; Billings 0 - Marquette 2
BOTTOM OF THE 4TH
Marquette Miners batting - Pitching for Billings Polar Bears : RHP Peer Aarsen
Batting: RHB Sze Qi 0-0: Ball
1-0: Bunt for hit to 13 - play at first, batter OUT! 1-3
Batting: RHB Jorge Japón 0-0: Ball
1-0: Fly out, F7 (Flyball, 78S, EV 88.8 MPH)
Batting: RHB Jesús Morán 0-0: Foul Ball, location: 2F
0-1: Foul Ball, location: 2F
0-2: Ball
1-2: Ball
2-2: Foul Ball, location: 2F
2-2: Ball
3-2: Fly out, F9 (Flyball, 9LD, EV 99.4 MPH)
Bottom of the 4th over - 0 runs, 0 hits, 0 errors, 0 left on base; Billings 0 - Marquette 2
TOP OF THE 5TH
Billings Polar Bears batting - Pitching for Marquette Miners : LHP Jeff McDermott
Batting: LHB Yi-da Chow 0-0: Ball
1-0: Ball
2-0: Foul Ball, location: 2F
2-1: Ball
3-1: Base on Balls
Batting: RHB Stock Tonports 0-0: Called Strike
0-1: Swinging Strike
0-2: Strikes out looking
Batting: SHB Amadeo Álvarez 0-0: Ball
1-0: Swinging Strike
1-1: Foul Ball, location: 2F
1-2: Ball
2-2: Strikes out swinging
Batting: RHB Toni Vilen 0-0: Fly out, F8 (Flyball, 8RM, EV 85.6 MPH)
Top of the 5th over - 0 runs, 0 hits, 0 errors, 1 left on base; Billings 0 - Marquette 2
BOTTOM OF THE 5TH
Marquette Miners batting - Pitching for Billings Polar Bears : RHP Peer Aarsen
Batting: LHB Tony Worley 0-0: Ground out 5-3 (Groundball, 5L, EV 101.9 MPH)
Pitching: RHP Roger Bickett
Batting: LHB Lowell Evans 0-0: Ball
1-0: Called Strike
1-1: Called Strike
1-2: Foul Ball, location: 2F
1-2: Strikes out looking
Batting: RHB Miguel Montés 0-0: Called Strike
0-1: Ball
1-1: Swinging Strike
1-2: Fly out, F4 (Popup, 34S, EV 85.6 MPH)
Bottom of the 5th over - 0 runs, 0 hits, 0 errors, 0 left on base; Billings 0 - Marquette 2
TOP OF THE 6TH
Billings Polar Bears batting - Pitching for Marquette Miners : LHP Jeff McDermott
Batting: LHB Allen Wrench 0-0: Called Strike
0-1: Ball
1-1: Foul Ball, location: 2F
1-2: Ball
2-2: Foul Ball, location: 2F
2-2: Foul Ball, location: 2F
2-2: SINGLE (Line Drive, 9LS, EV 105.6 MPH)
Batting: LHB Sandro Goro 0-0: Ball
1-0: Bunted foul
1-1: Swinging Strike
Allen Wrench is caught stealing 2nd base 2-6
1-2: Ground out 5-3 (Groundball, 56, EV 110.0 MPH)
Batting: LHB Lawrence Perry 0-0: Called Strike
0-1: Swinging Strike
0-2: Foul Ball, location: 2F
0-2: Ball
1-2: Ball
2-2: Strikes out swinging
Top of the 6th over - 0 runs, 1 hit, 0 errors, 0 left on base; Billings 0 - Marquette 2
BOTTOM OF THE 6TH
Marquette Miners batting - Pitching for Billings Polar Bears : RHP Roger Bickett
Batting: RHB Cleveland Mortimer 0-0: Ball
1-0: Called Strike
1-1: Foul Ball, location: 2F
1-2: Ball
2-2: Strikes out looking
Batting: RHB Zhen-bang Kwan 0-0: Ball
1-0: Swinging Strike
1-1: Fly out, F8 (Flyball, 8LD, EV 101.2 MPH)
Batting: LHB Vic Britt 0-0: Called Strike
0-1: Swinging Strike
0-2: Ball
1-2: Strikes out swinging
Bottom of the 6th over - 0 runs, 0 hits, 0 errors, 0 left on base; Billings 0 - Marquette 2
TOP OF THE 7TH
Billings Polar Bears batting - Pitching for Marquette Miners : LHP Jeff McDermott
Batting: LHB Hai-liang Yi 0-0: Foul Ball, location: 2F
0-1: Ball
1-1: Swinging Strike
1-2: Strikes out swinging
Batting: RHB Wilbur Thomas 0-0: Ball
1-0: Fly out, F8 (Flyball, 8LD, EV 80.6 MPH)
Batting: LHB Yi-da Chow 0-0: Called Strike
0-1: Fly out, F7 (Flyball, 7LS, EV 95.0 MPH)
Top of the 7th over - 0 runs, 0 hits, 0 errors, 0 left on base; Billings 0 - Marquette 2
BOTTOM OF THE 7TH
Marquette Miners batting - Pitching for Billings Polar Bears : RHP Roger Bickett
Batting: RHB Sze Qi 0-0: Swinging Strike
0-1: Fly out, F8 (Flyball, 8LD, EV 105.0 MPH)
Batting: RHB Jorge Japón 0-0: Ball
1-0: Ball
2-0: Ground out 4-3 (Groundball, 4, EV 80.6 MPH)
Batting: RHB Jesús Morán 0-0: Foul Ball, location: 2F
0-1: Foul Ball, location: 2F
0-2: Ground out U3 (Groundball, 34, EV 86.2 MPH)
Bottom of the 7th over - 0 runs, 0 hits, 0 errors, 0 left on base; Billings 0 - Marquette 2
TOP OF THE 8TH
Billings Polar Bears batting - Pitching for Marquette Miners : LHP Jeff McDermott
Batting: RHB Stock Tonports 0-0: Ball
1-0: Ball
2-0: Called Strike
2-1: Ball
3-1: Base on Balls
Batting: SHB Amadeo Álvarez 0-0: Ball
1-0: Called Strike
1-1: Ball
2-1: Swinging Strike
2-2: Ball
3-2: Fly out, F9 (Flyball, 9D, EV 90.0 MPH)
Pitching: RHP Jorge Vega
Batting: RHB Toni Vilen 0-0: Ball
1-0: Called Strike
1-1: Ball
2-1: Swinging Strike
2-2: Strikes out looking
Batting: LHB Allen Wrench 0-0: SINGLE (Groundball, 6MD, EV 96.9 MPH)
Stock Tonports to second
Batting: LHB Sandro Goro 0-0: Ball
1-0: Foul Ball, location: 2F
1-1: SINGLE (Groundball, 4MD, EV 106.2 MPH)
Stock Tonports to third
Allen Wrench to second
Batting: LHB Lawrence Perry 0-0: Called Strike
0-1: Called Strike
0-2: Foul Ball, location: 2F
0-2: Ball
1-2: Foul Ball, location: 2F
1-2: Foul Ball, location: 2F
1-2: Ball
2-2: Ball
3-2: Foul Ball, location: 2F
3-2: Foul Ball, location: 2F
3-2: Strikes out looking
Top of the 8th over - 0 runs, 2 hits, 0 errors, 3 left on base; Billings 0 - Marquette 2
BOTTOM OF THE 8TH
Marquette Miners batting - Pitching for Billings Polar Bears : RHP Roger Bickett
Batting: LHB Tony Worley 0-0: Ball
1-0: Ball
2-0: Called Strike
2-1: Ball
3-1: SINGLE (Flyball, 78S, EV 91.2 MPH)
Batting: LHB Lowell Evans 0-0: Ball
1-0: Ball
2-0: Called Strike
2-1: Ball
3-1: Fly out, F7 (Flyball, 7S, EV 93.1 MPH)
Batting: RHB Miguel Montés 0-0: Ball
1-0: Ball
2-0: Ball
3-0: Called Strike
3-1: Called Strike
3-2: Fly out, F6 (Popup, 6MS, EV 67.5 MPH)
Batting: RHB Cleveland Mortimer 0-0: Ball
1-0: Called Strike
1-1: Ball
2-1: Swinging Strike
2-2: Strikes out looking
Bottom of the 8th over - 0 runs, 1 hit, 0 errors, 1 left on base; Billings 0 - Marquette 2
TOP OF THE 9TH
Billings Polar Bears batting - Pitching for Marquette Miners : RHP Jorge Vega
Batting: LHB Hai-liang Yi 0-0: Foul Ball, location: 2F
0-1: Ball
1-1: Called Strike
1-2: Strikes out looking
Batting: RHB Wilbur Thomas 0-0: Foul Ball, location: 2F
0-1: Foul Ball, location: 2F
0-2: Hit by Pitch
Batting: LHB Yi-da Chow 0-0: Ball
1-0: Ball
2-0: Ball
3-0: Called Strike
3-1: Swinging Strike
3-2: SINGLE (Groundball, 56D, EV 96.2 MPH)
Wilbur Thomas to second
Pinch Hitting: LHB Don Mosley 0-0: Ball
1-0: Called Strike
1-1: Swinging Strike
1-2: Ball
2-2: Strikes out looking
Batting: SHB Amadeo Álvarez 0-0: Called Strike
0-1: Called Strike
0-2: Ground out 4-3 (Groundball, 34, EV 91.2 MPH)
Top of the 9th over - 0 runs, 1 hit, 0 errors, 2 left on base; Billings 0 - Marquette 2
Thursday, January 23rd, 2020 - OOTP Baseball 20.8 Build 74